 Dungeon Crawl Stone Soup version 0.31-a0-968-g24f9ace8b5 (webtiles) character file.

Game seed: 5702963217062004585

93 avis the Ducker (level 4, 19/19 HPs)
             Began as a Felid Shapeshifter on Oct 28, 2023.
             Got out of the dungeon alive.
             The game lasted 00:08:49 (2561 turns).

avis the Ducker (Felid Shapeshifter)                Turns: 2561, Time: 00:08:50

Health: 19/19      AC:  1    Str: 10    XL:     4   Next: 37%
Magic:  5/5        EV: 19    Int: 11    God:
Gold:   177        SH:  0    Dex: 17    Spells: 3/3 levels left
                                        Lives:  1   Deaths: 1

rFire   . .          .
                       - Unarmed
rCold   . . .        (shield unavailable)
rNeg    . . .        (body armour unavailable)
rPois   .            (helmet unavailable)
rElec   .            (cloak unavailable)
rCorr   +            (gloves unavailable)
SInv    +            (boots unavailable)
Will    .....        (no amulet)
Stlth   ++           i - ring of resist corrosion
HPRegen 0.23/turn    r - ring of wizardry
MPRegen 0.09/turn

%: wizardry (x1)
@: beast-form, quick
A: beast (slay +2), very small, claws 1, fangs 3, see invisible, speed 1, shaggy
fur 1, stealthy paws, no weapons or thrown items, no armour, multi-lived
a: Begin Untransformation


You escaped.
You were a hulking beast.
You visited 1 branch of the dungeon, and saw 3 of its levels.

You collected 177 gold pieces.

Inventory:

Jewellery
 i - a ring of resist corrosion (left paw)
 r - a ring of wizardry (right paw)
Talismans
 b - a beast talisman
 c - a flux talisman
Scrolls
 d - a scroll of amnesia
 e - a scroll of enchant armour
 j - 2 scrolls of teleportation {unknown}
 m - a scroll of fear {unknown}
 n - a scroll of poison {unknown}
 o - a scroll of summoning {unknown}
Potions
 a - a potion of lignification
 f - a potion of enlightenment
 g - a potion of brilliance {unknown}
 h - a potion of attraction {unknown}
 k - 2 potions of might
 l - 3 potions of haste
 p - a potion of heal wounds {unknown}
 q - a potion of magic {unknown}


   Skills:
 + Level 2.1 Fighting
 * Level 4.8 Dodging
 - Level 3.0 Unarmed Combat
 + Level 3.9 Shapeshifting


You had 3 spell levels left.
You didn't know any spells.
Your spell library contained the following spells:

 Spells                   Type           Power      Damage    Failure   Level
 Freeze                   Ice            0%         1d3       14%         1
 Necrotise                Necr           0%         1d4       14%         1
 Slow                     Hex            0%         N/A       14%         1
 Confusing Touch          Hex            0%         N/A       38%         3
 Frozen Ramparts          Ice            0%         1d1       38%         3
 Hailstorm                Conj/Ice       0%         3d3       38%         3
 Sigil of Binding         Hex            0%         N/A       38%         3
 Stone Arrow              Conj/Erth      0%         3d7       38%         3
 Vampiric Draining        Necr           0%         2d6       38%         3
 Agony                    Necr           0%         N/A       98%         5
 Lehudib's Crystal Spear  Conj/Erth      0%         10d2      100%        8
 Animate Armour           Summ/Erth      Unusable   N/A       N/A         4

Dungeon Overview and Level Annotations

Branches:
Dungeon (3/15)

Altars:
Xom


Innate Abilities, Weirdness & Mutations

You are a hulking beast.
Your limbs bulge with bestial killing power. (Slay +2)
You have sharp claws.
You have razor-sharp teeth.
You have supernaturally acute eyesight. (SInv)
You cover ground quickly. (Speed+)
You are covered in fur. (AC +1)
Your paws help you pounce on unaware monsters.
You are incapable of wielding weapons or throwing items.
You cannot wear armour.
You gain extra lives every three experience levels.


Message History

You kill the dart slug!
You claw the gnoll! You bite the gnoll.
You kill the gnoll!
You scratch the gnoll but do no damage.
Unknown command.
You claw the gnoll!
The gnoll is severely wounded.
The gnoll barely misses you.
You completely miss the gnoll.
The gnoll is severely wounded.
The gnoll closely misses you. x2
You scratch the gnoll.
You kill the gnoll!
The gnoll hits you from afar with a +0 spear.
The gnoll completely misses you.
Things that are here:
a +0 flail; a +0 club You scratch the gnoll.
Your bite misses the gnoll.
The gnoll is moderately wounded.
The gnoll hits you with a +0 spear!
Ouch! That really hurt!
You die...
Your shape twists and changes as you die.
You rejoin the land of the living...
There is a stone staircase leading up here.
You climb upwards.
There is a stone staircase leading down here.
What level of the Dungeon? (default 3, ? - help)
You open the door.
What level of the Dungeon? (default 1, ? - help)
There is an open door here.
There is an open door here.
There is a stone staircase leading up here.
You climb upwards.
There is a stone staircase leading down here.
There is a fountain of clear blue water here.
There is an open door here.
There is an open door here.
There is a staircase leading out of the dungeon here.
You have escaped!

...#....######.....#..###........
...#....#....#.######...#........
####...##.##.#......###.##....##.
# #..'#..##.######.#...##+...##.
# #..#..###.# #....#.###.#...###
#.#######.###.####.#...##..###
#.######...##'####.#.####..#..
#.##.....#.'...'.....####..#..
#.'..#######.h.#######..'..#..
#.####.....'...'.#.....##..#..
#.####.#.####'##...######..#..
#.##...#.####.###.#######.....
#..#.###.#....# #.###..#......
#..+##...#.######.##..#'......
#...##.###......#.##.##.......
#....#...######.#....#........
#....###..#.....#.####........


There were no monsters in sight!

Vanquished Creatures
  3 gnolls (D:3)
  3 adders
  A worm (D:2)
  A dart slug (D:3)
  3 endoplasms
  9 goblins
  3 hobgoblins
  2 jackals (D:3)
  A quokka (D:3)
  A ball python (D:1)
  2 bats
  2 kobolds
  3 rats
34 creatures vanquished.

Notes
Turn   | Place    | Note
-------+----------+-------------------------------------------
     0 | D:1      | avis the Felid Shapeshifter began the quest for the Orb.
     0 | D:1      | Reached XP level 1. HP: 9/9 MP: 2/2
   238 | D:1      | Reached skill level 3 in Dodging
   580 | D:1      | Reached XP level 2. HP: 12/12 MP: 3/3
   686 | D:1      | Found The Oracle's Delphic Readings.
  1684 | D:2      | Found a shimmering altar of Xom.
  1768 | D:2      | Reached XP level 3. HP: 15/15 MP: 4/4
  1904 | D:3      | Reached skill level 4 in Dodging
  2454 | D:3      | Reached XP level 4. HP: 18/19 MP: 5/5
  2477 | D:3      | Slain by a gnoll
  2561 | D:$      | Got out of the dungeon alive.

Illustrated notes

Levels and vault maps discovered:
D:1:      nicolae_arrival_somewhat_less_tricky_arrival, layout_basic,
          serial_glass, glass_columns_c, glass_columns_b, glass_columns_b,
          glass_columns_a, minmay_misc_feat_square, nicolae_nh_oracle_at_delphi
D:2:      layout_basic, basic_altar, chequers_garden, nicolae_hexahallways
D:3:      layout_loops_ring

Skill      XL: |  1  2  3 |
---------------+----------+-----
Dodging        | 3 4 |  4.8
Fighting       | 2 |  2.1
Unarmed Combat | |  3.0
Shapeshifting  | |  3.9

Action                     |  1- 3 |  4- 6 || total
---------------------------+-------+-------++-------
  Melee: Unarmed           |    76 |     9 ||    85
         Punch             |     2 |       ||     2
         Bite              |     6 |     1 ||     7
    Use: Scroll            |     5 |       ||     5
   Stab: Sleeping          |     5 |       ||     5
 Armour: Skin              |    18 |     4 ||    22
  Dodge: Dodged            |    49 |     4 ||    53

Table legend: (Time is in decaauts)
 A = Elapsed time spent in this place.
 B = Non-inter-level travel time spent in this place.
 C = Inter-level travel time spent in this place.
 D = Time resting spent in this place.
 E = Time spent auto-exploring this place.
 F = Levels seen in this place.
 G = Mean time per level.
                   A        B        C        D        E       F      G
               +--------+--------+--------+--------+--------+-----+--------+
         Total |   2112 |   1786 |    326 |     38 |   1206 |   3 |  704.0 |
       Dungeon |   2112 |   1786 |    326 |     38 |   1206 |   3 |  704.0 |
               +--------+--------+--------+--------+--------+-----+--------+

Top non-repeatable levels by time:
     D:1: 850 daAuts
     D:2: 842 daAuts
     D:3: 419 daAuts
